 Dungeon Crawl Stone Soup version 0.28-a0-863-g8cecda6153 (webtiles) character file.

Game seed: 5696236035313528591

14 josefromcouch the Magician (level 2, 19/21 HPs)
             Began as a Djinni Hedge Wizard on May 17, 2021.
             Quit the game on level 1 of the Dungeon on Feb 20, 2022.
             The game lasted 00:03:20 (961 turns).

josefromcouch the Magician (Djinni Hedge Wizard)     Turns: 961, Time: 00:03:21

Health: 19/21      AC:  2    Str:  9    XL:     2   Next: 60%
Gold:   26         EV: 12    Int: 15    God:
                   SH:  0    Dex: 12

rFire   + + .      SeeInvis .   a - +0 dagger
rCold   x . .      Faith    .   (no shield)
rNeg    . . .      Spirit   .   b - +0 robe
rPois   ∞          Reflect  .   c - +0 hat
rElec   .          Harm     .   (no cloak)
rCorr   .          Rampage  .   (no gloves)
Will    .....                   (boots unavailable)
Stlth   ++........              (no amulet)
HPRegen 0.07/turn               (no ring)
MPRegen 0.00/turn               (no ring)

@: flying, very slightly contaminated
A: sickness immunity, fire resistance 2, cold vulnerability 1, float, innate
caster, hp casting, extra vitality 1
a: no special abilities


You were on level 1 of the Dungeon.
You visited 1 branch of the dungeon, and saw 1 of its levels.

You collected 26 gold pieces.

Inventory:

Hand Weapons
 a - a +0 dagger (weapon)
 e - a +0 hunting sling
Missiles
 h - 14 poisoned darts (quivered)
Armour
 b - a +0 robe (worn)
 c - a +0 hat (worn)
Scrolls
 d - a scroll of magic mapping {unknown}
 f - a scroll of fear {unknown}
 g - 3 scrolls of vulnerability {unknown}
 i - a scroll of enchant armour {unknown}
 j - 2 scrolls of blinking {unknown}
 k - a scroll of enchant weapon {unknown}


   Skills:
 - Level 2.1 Dodging
 - Level 1.5 Stealth
 + Level 3.0 Spellcasting


You couldn't memorise any spells.
You knew the following spells:

 Your Spells              Type           Power      Damage    Failure   Level
a - Magic Dart            Conj           44%        1d5       6%          1
b - Blink                 Tloc           22%        N/A       9%          2
c - Call Imp              Summ           11%        N/A       9%          2
d - Slow                  Hex            44%        N/A       6%          1
e - Conjure Flame         Conj/Fire      11%        6-21      17%         3
f - Mephitic Cloud        Conj/Pois/Air  11%        N/A       17%         3
Your spell library was empty.

Dungeon Overview and Level Annotations

Branches:
Dungeon (1/15)

Altars:


Innate Abilities, Weirdness & Mutations

You are immune to sickness and miasma.
You are immune to poison.
Your flesh is very heat resistant. (rF++)
You are vulnerable to cold. (rC-)
You float through the air rather than walking.
You learn spells naturally, not from books.
Your magical power is your life essence.
You have superior vitality. (+4 HP)


Message History

You kill the jackal!
The jackal barely misses your shadow imp.
Your shadow imp hits the jackal.
The jackal dies!
Your Spellcasting skill increases to level 3!
The jackal barely misses your shadow imp.
The jackal closely misses your shadow imp.
You see here a jackal corpse.
The jackal barely misses your shadow imp.
The jackal bites your shadow imp but does no damage.
The jackal misses your shadow imp.
Your shadow imp hits the jackal.
The jackal bites your shadow imp.
Your shadow imp barely misses the jackal.
The jackal barely misses your shadow imp.
Your shadow imp hits the jackal.
The jackal dies!
You start resting.
Your magical contamination has completely faded away.
You start resting.
Your shadow imp disappears in a puff of smoke!
An endoplasm comes into view.
The endoplasm quivers.
An endoplasm is nearby!
Aim: an endoplasm (100% to hit)
The magic dart hits the endoplasm but does no damage.
Aim: an endoplasm (100% to hit)
You miscast Magic Dart.
You are very lightly contaminated with residual magic.
Nothing appears to happen.
Options error: Bad channel -- pray (~/.crawlrc:407) Options error: Bad channel -- food (~/.crawlrc:410) Welcome back, josefromcouch the Djinni Hedge Wizard.
Options error: Bad channel -- pray (~/.crawlrc:407) Options error: Bad channel -- food (~/.crawlrc:410) Welcome back, josefromcouch the Djinni Hedge Wizard.
Save game and exit?
Options error: Bad channel -- pray (~/.crawlrc:407) Options error: Bad channel -- food (~/.crawlrc:410) Welcome back, josefromcouch the Djinni Hedge Wizard.
Okay, then.

.#. .#... . #.#
##. #.# ... #.#
#J# #.# #.###.##
## #.##...#####.
.###
#@...#†......#...
####...#####...#
##†##...##.## ##
#.#.##.....#
#.###..##....#
#.#.####.#..#
#..## #.#..####
#.######.#......
#
#........#.#####


You could see an endoplasm.

Vanquished Creatures
  A dart slug (D:1)
  2 endoplasms (D:1)
  A giant cockroach (D:1)
  A jackal (D:1)
  A frilled lizard (D:1)
  2 kobolds (D:1)
  2 rats (D:1)
10 creatures vanquished.

Vanquished Creatures (collateral kills)
  4 jackals (D:1)
4 creatures vanquished.

Grand Total: 14 creatures vanquished

Notes
Turn   | Place    | Note
-------+----------+-------------------------------------------
     0 | D:1      | josefromcouch the Djinni Hedge Wizard began the quest for
                  | the Orb.
     0 | D:1      | Reached XP level 1. HP: 15/15 MP: 0/0
   358 | D:1      | Reached XP level 2. HP: 16/21 MP: 0/0
   823 | D:1      | Reached skill level 3 in Spellcasting
   961 | D:1      | Upgraded the game from 0.27-a0-1177-g245c70e1c0 to
                  | 0.28-a0-863-g8cecda6153
   961 | D:1      | Quit the game

Illustrated notes

Levels and vault maps discovered:
D:1:      minmay_arrival_five_plusses, layout_loops_corners, serial_shops, shop,
          shapermc_ecumenical_altar_hornbeckon, minmay_misc_feat_tower

Skill      XL: |  1  2 |
---------------+-------+-----
Spellcasting   | 3 |  3.0
Dodging        | |  2.1
Stealth        | |  1.5

Action                   || total
-------------------------++-------
Melee: Dagger            ||     4
Throw: Dart              ||     1
 Cast: Magic Dart        ||    28
       Call Imp          ||     3
Armor: Robe              ||     1
Dodge: Dodged            ||     5

Table legend: (Time is in decaauts)
 A = Elapsed time spent in this place.
 B = Non-inter-level travel time spent in this place.
 C = Inter-level travel time spent in this place.
 D = Time resting spent in this place.
 E = Time spent auto-exploring this place.
 F = Levels seen in this place.
 G = Mean time per level.
                   A        B        C        D        E       F      G
               +--------+--------+--------+--------+--------+-----+--------+
         Total |    961 |    961 |      0 |    433 |    416 |   1 |  961.0 |
       Dungeon |    961 |    961 |      0 |    433 |    416 |   1 |  961.0 |
               +--------+--------+--------+--------+--------+-----+--------+

Top non-repeatable levels by time:
     D:1: 961 daAuts
